| TOP OF THE 1ST |
|
Clinton Pilots batting - Pitching for Decatur Commodores : RHP Fred Howard
|
|
Pitching: RHP Fred Howard
|
|
|
Batting: RHB Danny Chairez
|
0-0: Ball 1-0: Fly out, F9 (Flyball, 89D, EV 99.4 MPH)
|
|
Batting: RHB Tom Riley
|
0-0: Called Strike 0-1: Ball 1-1: Called Strike 1-2: Foul Ball, location: 2F 1-2: Foul Ball, location: 2F 1-2: Strikes out swinging
|
|
Batting: SHB Alan Regier
|
0-0: Ball 1-0: Ground out 1-3 (Groundball, 13S, EV 70.0 MPH)
|
| Top of the 1st over - 0 runs, 0 hits, 0 errors, 0 left on base; Clinton 0 - Decatur 0 |
| BOTTOM OF THE 1ST |
|
Decatur Commodores batting - Pitching for Clinton Pilots : LHP Bob Patterson
|
|
Pitching: LHP Bob Patterson
|
|
|
Batting: LHB Jerry Miller
|
0-0: Ball 1-0: Fly out, F7 (Line Drive, 7, EV 93.8 MPH)
|
|
Batting: LHB David Showalter
|
0-0: Foul Ball, location: 2F 0-1: Foul Ball, location: 2F 0-2: Ground out 4-3 (Groundball, 4, EV 83.8 MPH)
|
|
Batting: SHB Rondin Johnson
|
0-0: Ball 1-0: Foul Ball, location: 2F 1-1: Ball 2-1: Called Strike 2-2: Ground out 5-3 (Groundball, 56S, EV 84.4 MPH)
|
| Bottom of the 1st over - 0 runs, 0 hits, 0 errors, 0 left on base; Clinton 0 - Decatur 0 |
| TOP OF THE 2ND |
|
Clinton Pilots batting - Pitching for Decatur Commodores : RHP Fred Howard
|
|
Batting: RHB Abe Rael
|
0-0: Swinging Strike 0-1: Ball 1-1: Swinging Strike 1-2: Foul Ball, location: 2F 1-2: Ground out U3 (Groundball, 3S, EV 71.9 MPH)
|
|
Batting: RHB Joseph Rietano
|
0-0: Ball 1-0: Called Strike 1-1: Called Strike 1-2: Foul Ball, location: 2F 1-2: Ground out 6-3 (Groundball, 6M, EV 97.5 MPH)
|
|
Batting: RHB Alberto Reyes
|
0-0: Ball 1-0: Swinging Strike 1-1: Fly out, F8 (Flyball, 8LXD, EV 101.3 MPH)
|
| Top of the 2nd over - 0 runs, 0 hits, 0 errors, 0 left on base; Clinton 0 - Decatur 0 |
| BOTTOM OF THE 2ND |
|
Decatur Commodores batting - Pitching for Clinton Pilots : LHP Bob Patterson
|
|
Batting: RHB Clifton Wilder
|
0-0: Called Strike 0-1: Ball 1-1: Foul Ball, location: 2F 1-2: Fly out, F6 (Popup, 6MD, EV 61.9 MPH)
|
|
Batting: SHB Daniel Wieser
|
0-0: Fly out, F7 (Flyball, 7LS, EV 79.4 MPH)
|
|
Batting: RHB Rex Farrior
|
0-0: Called Strike 0-1: Ground out 6-3 (Groundball, 6, EV 81.3 MPH)
|
| Bottom of the 2nd over - 0 runs, 0 hits, 0 errors, 0 left on base; Clinton 0 - Decatur 0 |
| TOP OF THE 3RD |
|
Clinton Pilots batting - Pitching for Decatur Commodores : RHP Fred Howard
|
|
Batting: RHB Barry Siebert
|
0-0: Ball 1-0: Foul Ball, location: 2F 1-1: Called Strike 1-2: Ball 2-2: Foul Ball, location: 2F 2-2: Strikes out swinging
|
|
Batting: LHB Epifano Martinez
|
0-0: Ball 1-0: Called Strike 1-1: Foul Ball, location: 2F 1-2: Strikes out looking
|
|
Batting: RHB Donn Koch
|
0-0: Swinging Strike 0-1: Ball 1-1: Foul Ball, location: 2F 1-2: Foul Ball, location: 2F 1-2: Ball 2-2: SINGLE (Line Drive, 9LM, EV 111.9 MPH)
|
|
Batting: RHB Danny Chairez
|
0-0: Foul Ball, location: 2F 0-1: Foul Ball, location: 2F 0-2: Ball 1-2: Ball 2-2: Ball 3-2: Foul Ball, location: 2F 3-2: Foul Ball, location: 2F 3-2: SINGLE (Groundball, 6MD, EV 104.4 MPH) Donn Koch to second Donn Koch to third
|
|
Batting: RHB Tom Riley
|
0-0: Ground out 4-3 (Groundball, 4S, EV 82.5 MPH)
|
| Top of the 3rd over - 0 runs, 2 hits, 0 errors, 2 left on base; Clinton 0 - Decatur 0 |
| BOTTOM OF THE 3RD |
|
Decatur Commodores batting - Pitching for Clinton Pilots : LHP Bob Patterson
|
|
Batting: LHB Samuel Taves
|
0-0: Ball 1-0: Foul Ball, location: 2F 1-1: Called Strike 1-2: Foul Ball, location: 2F 1-2: Ball 2-2: SINGLE (Groundball, 4MD, EV 102.5 MPH)
|
|
Batting: LHB Steven Jerman
|
0-0: Grounds into double play, 6-4-3 (Groundball, 6, EV 100.6 MPH)
|
|
Batting: RHB Rafael Sanchez
|
0-0: Called Strike 0-1: Reached on error, E4 (Groundball, 4, EV 108.1 MPH)
|
|
Batting: LHB Jerry Miller
|
0-0: Called Strike 0-1: Ball 1-1: Ball 2-1: 2-RUN HOME RUN (Flyball, 89XD, EV 100.0 MPH), Distance : 393 ft
|
|
Batting: LHB David Showalter
|
0-0: Ball 1-0: Ball 2-0: Foul Ball, location: 2F 2-1: Ground out U3 (Groundball, 34, EV 83.1 MPH)
|
| Bottom of the 3rd over - 2 runs, 2 hits, 1 error, 0 left on base; Clinton 0 - Decatur 2 |
| TOP OF THE 4TH |
|
Clinton Pilots batting - Pitching for Decatur Commodores : RHP Fred Howard
|
|
Batting: SHB Alan Regier
|
0-0: Ball 1-0: Foul Ball, location: 2F 1-1: Foul Ball, location: 2F 1-2: Foul Ball, location: 2F 1-2: Reached on error, E4 (Groundball, 4, EV 81.9 MPH)
|
|
Batting: RHB Abe Rael
|
0-0: Foul Ball, location: 2F 0-1: Grounds into double play, 4-6-3 (Groundball, 4, EV 80.0 MPH)
|
|
Batting: RHB Joseph Rietano
|
0-0: Ball 1-0: Called Strike 1-1: Ball 2-1: Ball 3-1: Foul Ball, location: 2F 3-2: Foul Ball, location: 2F 3-2: Strikes out swinging
|
| Top of the 4th over - 0 runs, 0 hits, 1 error, 0 left on base; Clinton 0 - Decatur 2 |
| BOTTOM OF THE 4TH |
|
Decatur Commodores batting - Pitching for Clinton Pilots : LHP Bob Patterson
|
|
Batting: SHB Rondin Johnson
|
0-0: Foul Ball, location: 2F 0-1: Ball 1-1: Ball 2-1: Ball 3-1: Base on Balls
|
|
Batting: RHB Clifton Wilder
|
0-0: Swinging Strike 0-1: Grounds into double play, 4-6-3 (Groundball, 4, EV 77.5 MPH)
|
|
Batting: SHB Daniel Wieser
|
0-0: Called Strike 0-1: Called Strike 0-2: DOUBLE (Line Drive, 5D, EV 108.8 MPH)
|
|
Batting: RHB Rex Farrior
|
0-0: Called Strike 0-1: Called Strike 0-2: Ball 1-2: Strikes out swinging
|
| Bottom of the 4th over - 0 runs, 1 hit, 0 errors, 1 left on base; Clinton 0 - Decatur 2 |
| TOP OF THE 5TH |
|
Clinton Pilots batting - Pitching for Decatur Commodores : RHP Fred Howard
|
|
Batting: RHB Alberto Reyes
|
0-0: Ball 1-0: Ball 2-0: Swinging Strike 2-1: Ball 3-1: Swinging Strike 3-2: Strikes out swinging
|
|
Batting: RHB Barry Siebert
|
0-0: Ball 1-0: Swinging Strike 1-1: Swinging Strike 1-2: Ball 2-2: Fly out, F8 (Line Drive, 8LD, EV 103.8 MPH)
|
|
Batting: LHB Epifano Martinez
|
0-0: SINGLE (Line Drive, 78S, EV 96.9 MPH)
|
|
Batting: RHB Donn Koch
|
0-0: Called Strike 0-1: Called Strike 0-2: Ball 1-2: Ball Epifano Martinez steals 2nd base 2-2: DOUBLE (Flyball, 89D, EV 111.3 MPH) Epifano Martinez scores
|
|
Batting: RHB Danny Chairez
|
0-0: Ground out 6-3 (Groundball, 6, EV 103.8 MPH)
|
| Top of the 5th over - 1 run, 2 hits, 0 errors, 1 left on base; Clinton 1 - Decatur 2 |
| BOTTOM OF THE 5TH |
|
Decatur Commodores batting - Pitching for Clinton Pilots : LHP Bob Patterson
|
|
Batting: LHB Samuel Taves
|
0-0: Ball 1-0: Ball 2-0: Foul Ball, location: 2F 2-1: Ground out 6-3 (Groundball, 6, EV 93.1 MPH)
|
|
Batting: LHB Steven Jerman
|
0-0: Ball 1-0: Foul Ball, location: 2F 1-1: Fly out, F9 (Flyball, 89M, EV 93.1 MPH)
|
|
Batting: RHB Rafael Sanchez
|
0-0: Called Strike 0-1: Called Strike 0-2: Ground out U3 (Groundball, 34, EV 103.8 MPH)
|
| Bottom of the 5th over - 0 runs, 0 hits, 0 errors, 0 left on base; Clinton 1 - Decatur 2 |
| TOP OF THE 6TH |
|
Clinton Pilots batting - Pitching for Decatur Commodores : RHP Fred Howard
|
|
Batting: RHB Tom Riley
|
0-0: Foul Ball, location: 2F 0-1: Foul Ball, location: 2F 0-2: Foul Ball, location: 2F 0-2: Ball 1-2: Ground out 6-3 (Groundball, 6, EV 83.8 MPH)
|
|
Batting: SHB Alan Regier
|
0-0: Ball 1-0: Called Strike 1-1: Ball 2-1: Ground out 6-3 (Groundball, 6, EV 97.5 MPH)
|
|
Batting: RHB Abe Rael
|
0-0: Ball 1-0: Ball 2-0: Called Strike 2-1: Fly out, F8 (Flyball, 78XD, EV 90.6 MPH)
|
| Top of the 6th over - 0 runs, 0 hits, 0 errors, 0 left on base; Clinton 1 - Decatur 2 |
| BOTTOM OF THE 6TH |
|
Decatur Commodores batting - Pitching for Clinton Pilots : LHP Bob Patterson
|
|
Batting: LHB Jerry Miller
|
0-0: DOUBLE (Flyball, 8LD, EV 92.5 MPH)
|
|
Batting: LHB David Showalter
|
0-0: Ball 1-0: Ground out 4-3 (Groundball, 4S, EV 68.1 MPH) Jerry Miller to third
|
|
Batting: SHB Rondin Johnson
|
0-0: Foul Ball, location: 2F 0-1: Ground out 5-3 (Groundball, 56S, EV 60.6 MPH)
|
|
Batting: RHB Clifton Wilder
|
0-0: Fly out, F9 (Flyball, 89M, EV 93.1 MPH)
|
| Bottom of the 6th over - 0 runs, 1 hit, 0 errors, 1 left on base; Clinton 1 - Decatur 2 |
| TOP OF THE 7TH |
|
Clinton Pilots batting - Pitching for Decatur Commodores : RHP Fred Howard
|
|
Pitching: RHP William Martin
|
|
|
Batting: RHB Joseph Rietano
|
0-0: Ball 1-0: Ball 2-0: Called Strike 2-1: Foul Ball, location: 2F 2-2: Ball 3-2: Foul Ball, location: 2F 3-2: Foul Ball, location: 2F 3-2: Foul Ball, location: 2F 3-2: Foul Ball, location: 2F 3-2: Base on Balls
|
|
Batting: RHB Alberto Reyes
|
0-0: Ball 1-0: Bunt missed! 1-1: Bunted foul 1-2: Ball 2-2: Foul Ball, location: 2F 2-2: Ball 3-2: Foul Ball, location: 2F 3-2: SINGLE (Groundball, 56, EV 103.1 MPH) Joseph Rietano to second
|
|
Pinch Runner at 2nd Bert Pena:
|
|
|
Batting: RHB Barry Siebert
|
0-0: Reached on error, E5 (Groundball, 25, EV 43.8 MPH) Bert Pena to third Alberto Reyes to second
|
|
Batting: LHB Epifano Martinez
|
0-0: Ball 1-0: Called Strike 1-1: DOUBLE (Line Drive, 5D, EV 98.8 MPH) Bert Pena scores Alberto Reyes scores Barry Siebert to third Runner from 3rd tries for Home, throw by LF and OUT! 7-6-2
|
|
Batting: RHB Donn Koch
|
0-0: Called Strike 0-1: Ball 1-1: Swinging Strike 1-2: Strikes out swinging
|
|
Batting: RHB Danny Chairez
|
0-0: Swinging Strike 0-1: Ball 1-1: Fly out, F7 (Flyball, 78S, EV 94.4 MPH)
|
| Top of the 7th over - 2 runs, 2 hits, 1 error, 1 left on base; Clinton 3 - Decatur 2 |
| BOTTOM OF THE 7TH |
|
Decatur Commodores batting - Pitching for Clinton Pilots : LHP Bob Patterson
|
|
Now at 3B: Ferdinand Rivera
|
|
|
Batting: SHB Daniel Wieser
|
0-0: Ball 1-0: Ball 2-0: Called Strike 2-1: Ball 3-1: Called Strike 3-2: Strikes out swinging
|
|
Batting: RHB Rex Farrior
|
0-0: Foul Ball, location: 2F 0-1: Ball 1-1: Ball 2-1: Ball 3-1: SINGLE (Line Drive, 4D, EV 99.4 MPH)
|
|
Pinch Hitting: LHB Alexis Marte
|
0-0: Ball 1-0: Ball 2-0: Foul Ball, location: 2F 2-1: Ball 3-1: Foul Ball, location: 2F 3-2: SINGLE (Groundball, 6D, EV 96.3 MPH) Rex Farrior to second
|
|
Batting: LHB Steven Jerman
|
0-0: Called Strike 0-1: Called Strike 0-2: SINGLE (Groundball, 5S, EV 69.4 MPH) (infield hit) Rex Farrior to third Alexis Marte to second
|
|
Batting: RHB Rafael Sanchez
|
0-0: Grounds into fielders choice 5-2 (Groundball, 56S, EV 87.5 MPH) Alexis Marte to third Steven Jerman to second
|
|
Batting: LHB Jerry Miller
|
0-0: Fielders Choice at 2nd, 5-4 (Groundball, 56, EV 105.0 MPH)
|
| Bottom of the 7th over - 0 runs, 3 hits, 0 errors, 3 left on base; Clinton 3 - Decatur 2 |
| TOP OF THE 8TH |
|
Clinton Pilots batting - Pitching for Decatur Commodores : RHP William Martin
|
|
Now in LF: Alexis Marte
|
|
|
Batting: RHB Tom Riley
|
0-0: Ball 1-0: Called Strike 1-1: Swinging Strike 1-2: Foul Ball, location: 2F 1-2: Ball 2-2: Ball 3-2: Ground out 4-3 (Groundball, 4S, EV 62.5 MPH)
|
|
Batting: SHB Alan Regier
|
0-0: Foul Ball, location: 2F 0-1: Swinging Strike 0-2: Ball 1-2: Ball 2-2: Ball 3-2: Base on Balls
|
|
Pitching: RHP Ty Hubbard
|
|
|
Batting: RHB Abe Rael
|
0-0: Called Strike Alan Regier is caught stealing 2nd base 2-4 0-1: Ball 1-1: Called Strike 1-2: Ball 2-2: Ball 3-2: Strikes out swinging, 2-3 out at first.
|
| Top of the 8th over - 0 runs, 0 hits, 0 errors, 0 left on base; Clinton 3 - Decatur 2 |
| BOTTOM OF THE 8TH |
|
Decatur Commodores batting - Pitching for Clinton Pilots : LHP Bob Patterson
|
|
Batting: LHB David Showalter
|
0-0: Ground out 6-3 (Groundball, P, EV 81.3 MPH)
|
|
Batting: SHB Rondin Johnson
|
0-0: Called Strike 0-1: Foul Ball, location: 2F 0-2: Ball 1-2: Ball 2-2: Ball 3-2: Fly out, F5 (Popup, 56S, EV 66.9 MPH)
|
|
Batting: RHB Clifton Wilder
|
0-0: SINGLE (Flyball, 7LS, EV 96.9 MPH)
|
|
Batting: SHB Daniel Wieser
|
0-0: Foul Ball, location: 2F 0-1: Ball 1-1: Ball 2-1: Ball 3-1: Base on Balls Clifton Wilder to second
|
|
Batting: RHB Rex Farrior
|
0-0: Ball 1-0: Swinging Strike 1-1: Foul Ball, location: 2F 1-2: Foul Ball, location: 2F 1-2: Foul Ball, location: 2F 1-2: Fly out, F4 (Popup, 23, EV 88.1 MPH)
|
| Bottom of the 8th over - 0 runs, 1 hit, 0 errors, 2 left on base; Clinton 3 - Decatur 2 |
| TOP OF THE 9TH |
|
Clinton Pilots batting - Pitching for Decatur Commodores : RHP Ty Hubbard
|
|
Pitching: RHP Luis Guzman
|
|
|
Batting: RHB Ferdinand Rivera
|
0-0: Foul Ball, location: 2F 0-1: Foul Ball, location: 2F 0-2: Ball 1-2: Ground out 6-3 (Groundball, 6, EV 90.6 MPH)
|
|
Batting: RHB Alberto Reyes
|
0-0: Ball 1-0: Ball 2-0: Ball 3-0: Base on Balls
|
|
Batting: RHB Barry Siebert
|
0-0: Foul Ball, location: 2F 0-1: Ball 1-1: Ball 2-1: Fly out, F8 (Line Drive, 8RM, EV 90.6 MPH)
|
|
Batting: LHB Epifano Martinez
|
0-0: Ball Alberto Reyes steals 2nd base 1-0: Ball 2-0: Ball Alberto Reyes is caught stealing 3rd base 2-5
|
| Top of the 9th over - 0 runs, 0 hits, 0 errors, 0 left on base; Clinton 3 - Decatur 2 |
| BOTTOM OF THE 9TH |
|
Decatur Commodores batting - Pitching for Clinton Pilots : LHP Bob Patterson
|
|
Pitching: RHP Greg Mize
|
|
|
Batting: LHB Alexis Marte
|
0-0: Foul Ball, location: 2F 0-1: Ball 1-1: Swinging Strike 1-2: Foul Ball, location: 2F 1-2: Ball 2-2: Ball 3-2: Foul Ball, location: 2F 3-2: Fly out, F8 (Flyball, 8RD, EV 94.4 MPH)
|
|
Batting: LHB Steven Jerman
|
0-0: Ball 1-0: Fly out, F9 (Line Drive, 9D, EV 88.1 MPH)
|
|
Pinch Hitting: RHB Michael Melton
|
0-0: Called Strike 0-1: Ball 1-1: Swinging Strike 1-2: Foul Ball, location: 2F 1-2: Ball 2-2: Ball 3-2: Strikes out looking
|
| Bottom of the 9th over - 0 runs, 0 hits, 0 errors, 0 left on base; Clinton 3 - Decatur 2 |
|